 Dungeon Sprint DCSS version 0.17-a0-1450-g7e755d1 (webtiles) character file.

1485 pulse the Severer (level 9, -22/68 HPs)
             Began as a Formicid Fighter on June 30, 2015.
             Was an Elder of Cheibriados.
             Hit by a large rock thrown by a cyclops (35 damage)
             ... in the Dungeon (Sprint IX: "|||||||||||||||||||||||||||||").
             The game lasted 00:01:51 (521 turns).

pulse the Severer (Formicid Fighter)                 Turns: 521, Time: 00:01:51

Health: -22/68     AC: 15    Str: 41    XL:     9   Next: 7%
Magic:  9/9        EV:  8    Int: 17    God:    Cheibriados [****..]
Gold:   0          SH: 13    Dex: 19    Spells: 0 memorised, 8 levels left

rFire  . . .     SeeInvis +     q - +1 broad axe (freeze)
rCold  . . .     Clarity  .     s - +0 plate armour
rNeg   . . .     SustAt   .     c - +0 shield
rPois  .         Gourm    .     (helmet unavailable)
rElec  .         Spirit   .     (no cloak)
rCorr  .         Warding  .     r - +0 pair of gloves
rMut   .         Stasis   +     (no boots)
MR     .....                    (no amulet)
Stlth  ..........               u - +3 ring of strength
                                t - +2 ring of protection

@: mighty, very slow, not resistant to hostile enchantments, extremely
unstealthy
A: permanent stasis, dig shafts and tunnels, four strong arms, antennae 3
a: Dig, Bend Time, Temporal Distortion, Slouch, Renounce Religion


You were in the Dungeon.
You worshipped Cheibriados.
Cheibriados was greatly pleased with you.
You were not hungry.

You visited 1 branch

Inventory:

Hand weapons
 a - a +0 war axe
 q - a +1 broad axe of freezing (weapon)
Armour
 c - a +0 shield (worn)
 r - a +0 pair of gloves (worn)
 s - a +0 plate armour (worn)
Magical staves
 p - an uncursed staff of energy
Jewellery
 t - a +2 ring of protection (left hand)
 u - a +3 ring of strength (right hand)
Magical devices
 o - a wand of draining (7)
Scrolls
 k - 2 scrolls of blinking
 m - 3 scrolls of remove curse
 n - 2 scrolls of amnesia
Potions
 f - 5 potions of curing
 g - 2 potions of heal wounds
 h - a potion of haste
 i - 4 potions of magic
 j - a potion of berserk rage
 l - a potion of invisibility
Comestibles
 e - a bread ration


   Skills:
 - Level 5.4 Fighting
 * Level 16.7 Axes
 - Level 5.0 Armour
 - Level 1.0 Dodging
 - Level 5.8 Shields


You had 8 spell levels left.
You didn't know any spells.

Dungeon Overview and Level Annotations

Branches:
Dungeon (1/1)

Altars:
Cheibriados
Dithmenos
Elyvilon
Fedhas
Gozag
Kikubaaqudgha
Makhleb
Nemelex Xobeh
Okawaru
Qazlal
Ru
Sif Muna
Trog
Vehumet
Xom
Yredelemnul
Zin
The Shining One
Beogh
Jiyva
Lugonu


Innate Abilities, Weirdness & Mutations

You are under a permanent stasis effect.
You can dig through walls and to a lower floor.
Your four strong arms can wield two-handed weapons with a shield.
You have a pair of large antennae on your head (SInv).


Message History

You can now inflict damage on those overly hasty.
Cheibriados raises the support of your attributes as your movement slows.
Your Axes skill increases to level 16!
You have reached level 9!
Your experience leads to an increase in your attributes!
Your base attributes are Str 23, Int 8, Dex 10.
Increase (S)trength, (I)ntelligence, or (D)exterity?
You feel stronger.
The sky beast flickers out of sight for a moment.
The cyclops throws a large rock.
The large rock closely misses the sky beast.
The large rock hits you!!
* * * LOW HITPOINT WARNING * * *
You slice the sky beast!! You freeze the sky beast.
You kill the sky beast!
Cheibriados appreciates the change of pace.
You are too injured to fight recklessly!
The cyclops throws a large rock.
The large rock hits you!!
Ouch! That really hurt!
You die... ▓▓▓▓▓▓▓▓▓▓▓▓▓▓▓▓▓▓▓▓▓▓ +.5C.@('......)[...[). ▓▓▓▓▓▓▓▓▓▓▓▓▓▓▓▓▓▓▓▓▓▓ { {{{{{{{{ {

You could see a cyclops and a crimson imp.

Vanquished Creatures
  A hill giant (D)
  A gargoyle (D)
  A tengu conjurer (D)
  A troll (D)
  A soldier ant (shapeshifter) (D)
  A sky beast (D)
  A giant frog (D)
  An orc wizard (D)
  2 adder skeletons (D)
  2 bats (D)
  2 giant cockroaches (D)
  3 hobgoblins (D)
  A kobold (D)
  2 rats (D)
20 creatures vanquished.

Vanquished Creatures (others)
  A spatial maelstrom (D)
1 creature vanquished.

Grand Total: 21 creatures vanquished

Notes
Turn   | Place    | Note
--------------------------------------------------------------
     0 | D        | pulse the Formicid Fighter began the quest for the Orb.
     0 | D        | Reached XP level 1. HP: 18/18 MP: 1/1
     2 | D        | Banished a spatial maelstrom
    10 | D        | Reached skill level 4 in Shields
   325 | D        | Reached XP level 2. HP: 25/25 MP: 2/2
   420 | D        | Found a glowing silver altar of Zin.
   420 | D        | Found a glowing golden altar of the Shining One.
   420 | D        | Found an ancient bone altar of Kikubaaqudgha.
   420 | D        | Found a basalt altar of Yredelemnul.
   420 | D        | Found a shimmering altar of Xom.
   420 | D        | Found a radiant altar of Vehumet.
   421 | D        | Found an iron altar of Okawaru.
   422 | D        | Found a burning altar of Makhleb.
   423 | D        | Found a deep blue altar of Sif Muna.
   424 | D        | Found a bloodstained altar of Trog.
   425 | D        | Found a sparkling altar of Nemelex Xobeh.
   426 | D        | Found a white marble altar of Elyvilon.
   427 | D        | Found a roughly hewn altar of Beogh.
   428 | D        | Found a viscous altar of Jiyva.
   429 | D        | Found a corrupted altar of Lugonu.
   430 | D        | Found a blossoming altar of Fedhas.
   431 | D        | Found a snail-covered altar of Cheibriados.
   432 | D        | Found a shadowy altar of Dithmenos.
   433 | D        | Found a stormy altar of Qazlal.
   434 | D        | Found an opulent altar of Gozag.
   435 | D        | Found a sacrificial altar of Ru.
   439 | D        | Became a worshipper of Cheibriados the Contemplative
   484 | D        | Noticed a troll
   484 | D        | Noticed a hill giant
   484 | D        | Noticed a giant frog
   484 | D        | Noticed an orc wizard
   485 | D        | Killed an orc wizard
   485 | D        | Reached skill level 5 in Fighting
   485 | D        | Reached skill level 5 in Armour
   485 | D        | Reached skill level 1 in Dodging
   485 | D        | Reached skill level 5 in Shields
   485 | D        | Reached XP level 3. HP: 31/33 MP: 3/3
   485 | D        | Reached XP level 4. HP: 36/39 MP: 4/4
   492 | D        | Killed a hill giant
   492 | D        | Acquired Cheibriados's first power
   492 | D        | Reached skill level 13 in Axes
   492 | D        | Reached XP level 5. HP: 13/44 MP: 5/5
   492 | D        | Reached XP level 6. HP: 15/51 MP: 6/6
   492 | D        | Reached XP level 7. HP: 16/56 MP: 7/7
   496 | D        | Killed a giant frog
   498 | D        | Killed a troll
   498 | D        | Reached skill level 14 in Axes
   498 | D        | Reached XP level 8. HP: 36/63 MP: 8/8
   501 | D        | Acquired Cheibriados's second power
   509 | D        | Noticed a cyclops
   509 | D        | Noticed a crimson imp
   509 | D        | Noticed a sky beast
   509 | D        | Noticed a gargoyle
   509 | D        | Noticed a hippogriff
   509 | D        | Noticed a tengu conjurer
   511 | D        | Killed a tengu conjurer
   511 | D        | Reached skill level 15 in Axes
   512 | D        | a hippogriff changed into a soldier ant
   519 | D        | Killed a gargoyle
   519 | D        | Acquired Cheibriados's third power
   519 | D        | Reached skill level 16 in Axes
   519 | D        | Reached XP level 9. HP: 35/68 MP: 9/9
   520 | D        | Killed a sky beast
   521 | D        | Hit by a large rock thrown by a cyclops

Vault maps used:
D:        linesprint

Action                   |  1- 3 |  4- 6 |  7- 9 || total
-------------------------+-------+-------+-------++-------
Melee: War axe           |    26 |       |       ||    26
       Broad axe         |     1 |     7 |    16 ||    24
  Use: Potion            |     1 |       |     1 ||     2
